 Dungeon Crawl Stone Soup version 0.31-a0-175-g9f7f995f2b (webtiles) character file.

Game seed: 384696801936484825

377 qw the Shooter (level 6, 0/39 HPs)
             Began as a Gargoyle Hunter on June 16, 2023.
             Was an Initiate of Okawaru.
             Slain by an orc priest
             ... wielding a +0 club
              (2 damage)
             ... on level 5 of the Dungeon.
             The game lasted 00:01:29 (3108 turns).

qw the Shooter (Gargoyle Hunter)                    Turns: 3108, Time: 00:01:30

Health: 0/39       AC: 14    Str: 14    XL:     6   Next: 73%
Magic:  6/6        EV: 10    Int: 10    God:    Okawaru [......]
Gold:   119        SH:  0    Dex: 15    Spells: 5/5 levels left

rFire   . . .        Y - +0 shortbow
rCold   . . .        (shield currently unavailable)
rNeg    + . .        i - +4 ring mail
rPois   inf          e - +0 helmet
rElec   +            d - scarf {repulsion}
rCorr   .            (no gloves)
SInv    .            (no boots)
Will    .....        (no amulet)
Stlth   +            (no ring)
HPRegen 0.26/turn    (no ring)
MPRegen 0.10/turn

%: repel missiles
@: no status effects
A: sickness immunity, AC +4, negative energy resistance 1, electricity
resistance, torment resistance 1, petrification resistance
a: Renounce Religion


You were on level 5 of the Dungeon.
You worshipped Okawaru.
Okawaru was noncommittal.
You visited 1 branch of the dungeon, and saw 5 of its levels.

You collected 251 gold pieces.
You spent 132 gold pieces at shops.


Innate Abilities, Weirdness & Mutations

You are immune to sickness and miasma.
Your stone body is resilient. (AC +4)
You are immune to poison.
You resist negative energy. (rN+)
You are resistant to electric shocks. (rElec)
You are resistant to unholy torment.
You are immune to petrification.


   Skills:
 - Level 4.6 Fighting
 + Level 6.7 Ranged Weapons
 - Level 1.0 Armour
 - Level 1.5 Dodging
 - Level 1.1 Stealth


You had 5 spell levels left.
You didn't know any spells.
Your spell library was empty.

Inventory:

Hand Weapons
 Y - a +0 shortbow (weapon)
Armour
 d - a scarf of repulsion (worn)
 e - a +0 helmet (worn)
 g - a +0 cloak
 i - a +4 ring mail (worn)
Jewellery
 h - a ring of ice
Scrolls
 a - a scroll of identify
Potions
 b - a potion of might
 c - a potion of curing
 f - a potion of magic
 j - a potion of attraction
 l - a potion of lignification {unknown}

Dungeon Overview and Level Annotations

Branches:
Dungeon (5/15)             Temple (0/1) D:4

Altars:
Gozag
Okawaru
Yredelemnul
Zin

Shops:
D:4 *

Annotations:
D:2 1 runed translucent door, Crazy Yiuf
D:4 3 runed translucent doors, qw's ghost, amateur GrHu


Message History

The orc hits you but does no damage.
The orc priest hits you with a +0 flail.
You shoot an arrow. The arrow hits the orc priest.
The orc priest is lightly wounded.
The orc hits you but does no damage.
The orc priest hits you but does no damage.
You shoot an arrow. The arrow hits the orc priest.
The orc priest is moderately wounded.
The orc hits you but does no damage. The orc priest closely misses you.
You shoot an arrow.
The arrow hits the orc priest but does no damage.
The orc priest is moderately wounded.
The orc hits you but does no damage. The orc priest barely misses you.
You shoot an arrow.
The arrow hits the orc priest but does no damage.
The orc priest is moderately wounded.
The orc hits you but does no damage.
The orc priest hits you but does no damage. x2
The orc priest barely misses you. The orc barely misses you.
The orc priest hits you with a +0 flail.
You shoot an arrow. The arrow hits the orc priest.
The orc priest is severely wounded.
The orc hits you but does no damage. The orc priest closely misses you.
The orc priest hits you but does no damage.
You shoot an arrow. The arrow hits the orc priest.
The orc priest is severely wounded.
The orc hits you but does no damage.
The orc priest hits you with a +0 flail!
The orc priest hits you but does no damage.
You shoot an arrow. The arrow barely misses the orc priest.
The orc barely misses you.
The orc priest hits you but does no damage.
The orc priest closely misses you.
You shoot an arrow.
The arrow hits the orc priest but does no damage.
The orc priest is severely wounded.
The orc closely misses you.
The orc priest hits you but does no damage.
The orc priest hits you with a +0 club.
You die...

#.# #.# #####.#####
#+## ##.........#
#...##
##...##.###.##.....#
#)[.....# #.#.......
........###.........
....................
.#......###oo.......
.##.#...###@#.......
..........o.##.....#
#######.##### #...##
#.# #+## #.# #.# #o#
#.# #.# #


You could see 2 orc priests and an orc.

Vanquished Creatures
  A bullfrog (D:5)
  A scorpion (D:4)
  A hound (D:4)
  A gnoll bouda (D:5)
  Robin (D:2)
  3 adders
  4 gnolls
  5 worms
  4 dart slugs
  An orc (D:3)
  9 ball pythons
  7 endoplasms
  5 giant cockroaches
  16 goblins
  9 hobgoblins
  6 jackals
  A quokka (D:3)
  3 bats
  4 frilled lizards
  6 kobolds
  3 rats (D:3)
91 creatures vanquished.

Notes
Turn   | Place    | Note
-------+----------+-------------------------------------------
     0 | D:1      | qw the Gargoyle Hunter began the quest for the Orb.
     0 | D:1      | Reached XP level 1. HP: 12/12 MP: 1/1
     0 | D:1      | 0 ||| qw: Version: 0.2-a-29-g511e9b1
     0 | D:1      | 0 ||| qw: Game counter: 5682
     0 | D:1      | 0 ||| qw: Always use a shield: true
     0 | D:1      | 0 ||| qw: God list: Okawaru
     0 | D:1      | 0 ||| qw: Allow faded altars: false
     0 | D:1      | 0 ||| qw: Do Orc after D:15 true
     0 | D:1      | 0 ||| qw: Do second Lair branch before Depths: true
     0 | D:1      | 0 ||| qw: Lair rune preference: random
     0 | D:1      | 0 ||| qw: Plans: Normal, Zot:1-4, Slime:5, God:TSO, Crypt,
                  | Tomb, Abyss, Pan, Hells, Win
     0 | D:1      | 0 ||| PLANNING D:1-11
   115 | D:1      | Reached XP level 2. HP: 17/17 MP: 2/2
   169 | D:1      | Reached XP level 3. HP: 10/21 MP: 3/3
   178 | D:1      | HP: 5/21 [goblin/+2 dagger of protection (5)]
   180 | D:1      | HP: 2/21 [goblin/+2 dagger of protection (3)]
   182 | D:1      | Reached skill level 5 in Ranged Weapons
   184 | D:1      | 184 ||| FLEEEEING.
   489 | D:1      | 489 ||| UPGRADING to +0 ring mail.
   499 | D:1      | 499 ||| DROPPING +0 leather armour.
   500 | D:1      | 500 ||| READING 2 scrolls labelled LOZAOPT XINIO.
   501 | D:1      | 501 ||| DROPPING scroll of butterflies.
   639 | D:2      | You fall into a shaft and drop 2 floors!
   664 | D:2      | Reached skill level 1 in Armour
   683 | D:2      | Noticed Robin
   697 | D:2      | Reached XP level 4. HP: 27/27 MP: 4/4
   709 | D:2      | Reached skill level 3 in Fighting
   722 | D:2      | HP: 7/28 [Robin/+0 club (3)]
   723 | D:2      | Killed Robin
   845 | D:2      | 845 ||| UPGRADING to +0 helmet.
   850 | D:2      | 850 ||| UPGRADING to +0 cloak.
   861 | D:2      | 861 ||| STAIRDANCE
   937 | D:2      | Found a runed translucent door.
   938 | D:2      | Noticed Crazy Yiuf
  1311 | D:2      | 1311 ||| READING scroll labelled LEACAO AWUR.
  1312 | D:2      | 1312 ||| READING scroll labelled KAEKAN UNIUR.
  1313 | D:2      | 1313 ||| DRINKING 2 ruby potions.
  1323 | D:2      | 1323 ||| READING 3 scrolls of identify.
  1323 | D:2      | 1323 ||| IDENTIFYING clear potion
  1324 | D:2      | 1324 ||| READING 2 scrolls of identify.
  1324 | D:2      | 1324 ||| IDENTIFYING glowing red potion
  1325 | D:2      | 1325 ||| DROPPING potion of ambrosia.
  1507 | D:3      | Reached XP level 5. HP: 23/32 MP: 5/5
  1567 | D:3      | Found a glowing silver altar of Zin.
  1568 | D:3      | Found an iron altar of Okawaru.
  1569 | D:3      | 1569 ||| PLANNING OKAWARU WORSHIP
  1569 | D:3      | 1569 ||| UPGRADING to +4 ring mail.
  1579 | D:3      | 1579 ||| DROPPING +0 ring mail.
  1580 | D:3      | 1580 ||| READING 2 scrolls of identify.
  1580 | D:3      | 1580 ||| IDENTIFYING fuming inky potion
  1581 | D:3      | Found a basalt altar of Yredelemnul.
  1584 | D:3      | Found an opulent altar of Gozag.
  1587 | D:3      | Became a worshipper of Warmaster Okawaru
  1588 | D:3      | 1588 ||| PLANNING D:1-11
  2256 | D:3      | 2256 ||| READING 2 scrolls of identify.
  2256 | D:3      | 2256 ||| IDENTIFYING sedimented emerald potion
  2257 | D:3      | 2257 ||| DROPPING potion of brilliance.
  2288 | D:4      | Reached skill level 6 in Ranged Weapons
  2307 | D:4      | Found a runed translucent gate.
  2307 | D:4      | Found a runed translucent gate.
  2308 | D:4      | Found Hubufed's Neck Hole.
  2308 | D:4      | Noticed qw's ghost (amateur GrHu)
  2352 | D:4      | 2352 ||| SHOPLISTING +0 cloak "Lupoad" {Str+5} (242 gold,
                  | have 150).
  2352 | D:4      | 2352 ||| SHOPLISTING amulet of reflection (330 gold, have
                  | 150).
  2352 | D:4      | 2352 ||| SHOPLISTING amulet of the Ant {rPois rN+ Will-
                  | Regen+ rCorr} (514 gold, have 150).
  2352 | D:4      | 2352 ||| SHOPLISTING amulet of the acrobat (330 gold, have
                  | 150).
  2352 | D:4      | 2352 ||| BUYING scarf of repulsion (132 gold).
  2352 | D:4      | Bought a scarf of repulsion for 132 gold pieces
  2352 | D:4      | 2352 ||| SHOPLISTING scarf of resistance (352 gold, have
                  | 18).
  2447 | D:4      | Found a runed translucent gate.
  2450 | D:4      | Noticed a kobold brigand
  2545 | D:4      | Found a staircase to the Ecumenical Temple.
  2624 | D:4      | 2624 ||| UPGRADING to scarf of repulsion.
  2634 | D:4      | 2634 ||| READING scroll labelled PADOBBA FOSO.
  2635 | D:4      | 2635 ||| DRINKING 2 green potions.
  2636 | D:4      | 2636 ||| READING 2 scrolls of identify.
  2636 | D:4      | 2636 ||| IDENTIFYING purple potion
  2637 | D:4      | 2637 ||| DROPPING potion of enlightenment.
  2654 | D:5      | Entered Level 5 of the Dungeon
  2785 | D:5      | 2785 ||| STAIRDANCE
  2796 | D:4      | Reached XP level 6. HP: 29/39 MP: 6/6
  2834 | D:4      | 2834 ||| READING scroll labelled KYLIZEROYSCH.
  3072 | D:5      | 3072 ||| FLEEEEING.
  3073 | D:5      | 3073 ||| FLEEEEING.
  3074 | D:5      | 3074 ||| FLEEEEING.
  3075 | D:5      | 3075 ||| FLEEEEING.
  3076 | D:5      | 3076 ||| FLEEEEING.
  3077 | D:5      | 3077 ||| FLEEEEING.
  3081 | D:5      | 3081 ||| FLEEEEING.
  3082 | D:5      | 3082 ||| FLEEEEING.
  3083 | D:5      | 3083 ||| FLEEEEING.
  3084 | D:5      | 3084 ||| FLEEEEING.
  3085 | D:5      | 3085 ||| FLEEEEING.
  3086 | D:5      | 3086 ||| FLEEEEING.
  3097 | D:5      | HP: 9/39 [orc priest/+0 flail (6)]
  3104 | D:5      | HP: 7/39 [orc priest/+0 flail (2)]
  3106 | D:5      | HP: 1/39 [orc priest/+0 flail (7)]
  3108 | D:5      | Slain by an orc priest

Levels and vault maps discovered:
D:1:      spicycebolla_arrival_ecumenical, layout_rooms
D:2:      layout_rooms, uniq_crazy_yiuf_cottage, uniq_robin
D:3:      layout_loops_corners, minitemple, minmay_misc_feat_square
D:4:      layout_rooms, minmay_temple_entry_glassed_door,
          gammafunk_ghost_nasty_kobolds, nicolae_shop_sticking_my_neck_out
D:5:      cheibrodos_iron_armory, layout_loops_corners, uniq_ijyb

Skill      XL: |  1  2  3  4  5 |
---------------+----------------+-----
Ranged Weapons | 5 6 |  6.7
Armour         | 1 |  1.0
Fighting       | 3 4 |  4.6
Dodging        | |  1.5
Stealth        | |  1.1

Action                     |  1- 3 |  4- 6 || total
---------------------------+-------+-------++-------
   Fire: Shortbow          |   119 |   256 ||   375
    Use: Scroll            |     1 |     9 ||    10
         Potion            |       |     2 ||     2
 Armour: Leather armour    |    20 |       ||    20
         Ring mail         |     7 |    99 ||   106
  Dodge: Dodged            |    50 |    95 ||   145

Table legend:
 A = Non-vault XP
 B = Vault XP
 C = Vault XP percentage of total XP
 D = Non-vault monster count
 E = Vault monster count
 F = Vault count percentage of total count
                 A         B        C        D         E       F
            +---------+---------+-------+---------+---------+-------
      Total |     504 |      35 |   6.5 |      80 |      11 |  12.1
            +---------+---------+-------+---------+---------+-------
        D:1 |      48 |       0 |   0.0 |      22 |       0 |   0.0
        D:2 |      60 |      35 |  36.8 |      23 |      11 |  32.4
        D:3 |      60 |       0 |   0.0 |      18 |       0 |   0.0
        D:4 |     158 |       0 |   0.0 |      12 |       0 |   0.0
        D:5 |     178 |       0 |   0.0 |       5 |       0 |   0.0
            +---------+---------+-------+---------+---------+-------
